 Dungeon Crawl Stone Soup version 0.20-a0-1109-ge3cd172 (webtiles) character file.

23 Duffy the Cudgeler (level 3, 0/19 HPs)
             Began as a Vine Stalker Monk on May 5, 2017.
             Succumbed to an adder's poison
             ... on level 1 of the Dungeon.
             The game lasted 00:00:43 (854 turns).

Duffy the Cudgeler (Vine Stalker Monk)               Turns: 854, Time: 00:00:43

Health: 0/19       AC:  2    Str: 14    XL:     3   Next: 0%
Magic:  0/4        EV: 13    Int: 10    God:
Gold:   46         SH:  0    Dex: 18    Spells: 2/2 levels left

rFire    . . .     SeeInvis .   a - +0 mace
rCold    . . .     Gourm    .   (no shield)
rNeg     . . .     Faith    .   b - +0 robe
rPois    .         Spirit   +   i - +0 hat
rElec    .         Reflect  .   (no cloak)
rCorr    .         Harm     .   (no gloves)
MR       .....     Clarity  +   (no boots)
Stlth    ++........             (no amulet)
Regen    0.1/turn               (no ring)
MPRegen  0.1/turn               (no ring)

@: lethally poisoned (0 -> -12)
A: fangs 2, agile 1, clarity, magic shield, antimagic bite, no potion heal 3,
rot immunity
a: no special abilities


You were on level 1 of the Dungeon.
You were not hungry.

You visited 1 branch of the dungeon, and saw 2 of its levels.

You collected 46 gold pieces.

Inventory:

Hand Weapons
 a - a +0 mace (weapon)
Armour
 b - a +0 robe (worn)
 i - a +0 hat (worn)
Scrolls
 e - a scroll of remove curse {unknown}
 g - a scroll of random uselessness {unknown}
 j - a scroll of blinking {unknown}
 k - a scroll of identify {unknown}
 m - a scroll of fear {unknown}
Potions
 d - a potion of lignification {unknown}
 f - a potion of brilliance {unknown}
Comestibles
 c - 3 bread rations
 h - a royal jelly


   Skills:
 + Level 2.9 Fighting
 * Level 3.4 Maces & Flails
 - Level 2.4 Dodging
 - Level 2.4 Stealth


You had 2 spell levels left.
You didn't know any spells.

Dungeon Overview and Level Annotations

Branches:
Dungeon (2/15)

Altars:


Innate Abilities, Weirdness & Mutations

You have extremely sharp teeth.
When hurt, damage is shared between your health and your magic reserves.
Your bite disrupts and absorbs the magic of your enemies.
Potions cannot restore your health.
You are immune to rotting.
You are agile. (Dex +2)
You possess an exceptional clarity of mind.


Message History

You are too injured to fight recklessly!
You are too injured to fight recklessly!
You are too injured to fight recklessly!
You are too injured to fight recklessly!
You are too injured to fight recklessly!
You are too injured to fight recklessly!
You are too injured to fight recklessly!
You are too injured to fight recklessly!
You are too injured to fight recklessly!
You barely miss the adder. You bite the adder, but do no damage.
The bat closely misses you. The adder bites you.
You are lethally poisoned!
The adder poisons you!
You miss the adder. Your bite misses the adder.
You feel sick. The bat misses you. The adder bites you.
You are more poisoned.
The adder poisons you! The adder misses you.
It was a potion of mutation.
You feel extremely strange.
You feel agile.
Your thoughts seem clearer.
You die...

####.#..### #...# ###.##
##....).### ##..# ##...#
...#......######..# #...######
..............##..###...#....#
............#.##..........#.##
##.##.......#..#.........##.#
##.####.....##.#........###.#
#..# #####.....S.......# #.# ..##
#.####@.......# #.#
###########.#....b).....# #.#
##........#.#.#.........# #.#
##........#.............# #.#
##........#...#####.##### #.#
##...........######..######.####
............##..........##.....##
.................#.......%......#
.....>.........##................


You could see an adder and a bat.

Vanquished Creatures
  An ooze (D:1)
  A leopard gecko (D:1)
  5 goblins (D:1)
  2 hobgoblins (D:1)
  2 kobolds (D:1)
  3 bats (D:1)
  A rat (D:1)
15 creatures vanquished.

Notes
Turn   | Place    | Note
-------+----------+-------------------------------------------
     0 | D:1      | Duffy the Vine Stalker Monk began the quest for the Orb.
     0 | D:1      | Reached XP level 1. HP: 11/11 MP: 2/2
   205 | D:1      | Reached skill level 3 in Maces & Flails
   215 | D:1      | Reached XP level 2. HP: 15/16 MP: 3/3
   569 | D:1      | Reached XP level 3. HP: 14/19 MP: 2/4
   680 | D:1      | You fall through a shaft!
   854 | D:1      | Gained mutation: You are agile. (Dex +2) [potion of mutation]
   854 | D:1      | Gained mutation: You possess an exceptional clarity of mind. [potion of mutation]
   854 | D:1      | Succumbed to an adder's poison

Vault maps used:
D:1:      minmay_arrival_checkered_box
D:2:      zin_purify, marbit_many_paths, kennysheep_flooded_box,
          minmay_pentomino_q4

Skill      XL: |  1 |
---------------+----+-----
Maces & Flails | 3 |  3.4
Fighting       | |  2.9
Dodging        | |  2.4
Stealth        | |  2.4

Action                   || total
-------------------------++-------
Melee: Mace              ||    38
       Bite              ||     5
  Use: Potion            ||     1
Armor: Robe              ||     5
Dodge: Dodged            ||    38
